AoeStats
← Khudalzk

MegaRandom

507891496Analyzed
2v2 RM · 12d ago on Sep 20, 2026· 44m 56s· 4 players
Game mode
Random Map
Map size
Medium (4 player)
Population
200
Speed
Normal
Resources
Standard
Victory
Conquest
Starting age
Dark Age
Ending age
Imperial Age
RankedLock teamsTeams togetherTeam positionsShared explorationLock speedFull tech treeHidden civsTurbo modeCheats
Victory
Defeat
🇨🇿 Poles · Czechia
819
+17
🇨🇿 Maya · Czechia
794
+18
🇦🇷 Spanish · Argentina
852
-18
🇺🇸 Byzantines · United States
817
-17
Bounce
2:44 Loom
19:03 Feudal Age
20:23 Wheelbarrow
19:49 Horse Collar
19:56 Double-Bit Axe
27:12 Castle Age
25:05 Arson
26:10 Forging
27:02 Gold Mining
28:54 Heavy Plow
29:23 Squires
31:34 Pikeman
32:15 Squires
33:58 Stone Mining
40:08 Husbandry
41:04 Scale Barding Armor
Piiro
5:09 Loom
12:02 Feudal Age
16:32 Castle Age
14:46 Horse Collar
14:57 Double-Bit Axe
17:14 Heavy Plow
19:20 Wheelbarrow
20:18 Gold Mining
21:07 Forging
23:47 Bloodlines
26:03 Bow Saw
25:46 Stone Mining
26:06 Husbandry
27:17 Ballistics
32:15 Imperial Age
31:15 Hand Cart
30:46 Town Watch
31:08 Scale Barding Armor
32:10 Stone Shaft Mining
32:56 Chain Barding Armor
33:37 Guilds
35:35 Two-Man Saw
36:41 Elite Conquistador
38:55 Iron Casting
Khudalzk
0:49 Loom
10:38 Feudal Age
13:02 Town Watch
14:16 Double-Bit Axe
20:44 Castle Age
19:53 Horse Collar
21:45 Scale Mail Armor
21:55 Forging
21:12 Eagle Warrior
21:52 Squires
22:09 Gold Mining
23:09 Heavy Plow
25:38 Chain Mail Armor
26:16 Iron Casting
27:03 Wheelbarrow
31:48 Imperial Age
33:15 Holcans
33:08 Conscription
34:45 Blast Furnace
34:15 Plate Mail Armor
40:59 Elite Eagle Warrior
41:28 Arson
43:09 Town Patrol
44:20 Caravan
45:09 Bow Saw
honza.pokorny25
13:03 Feudal Age
11:23 Loom
13:52 Horse Collar
14:01 Double-Bit Axe
14:58 Wheelbarrow
17:21 Bloodlines
19:45 Bloodlines
21:07 Forging
21:21 Forging
27:43 Castle Age
28:15 Light Cavalry
28:55 Husbandry
29:53 Elite Skirmisher
30:32 Fletching
30:44 Scale Mail Armor
30:50 Scale Barding Armor
30:52 Szlachta Privileges
32:05 Thumb Ring
38:20 Heavy Plow
42:04 Imperial Age
39:40 Bodkin Arrow
40:26 Bow Saw
43:46 Padded Archer Armor
43:46 Bracer
Connection lost

Rejoining the realm…

Still unreachable

The connection could not be restored.

Session expired

The server has moved on; the page needs a fresh start.